 Dungeon Crawl Stone Soup version 0.18.1-47-g9310371 (console) character file.

7736 Kloppie the Spear-Bearer (level 11, -5/89 (90) HPs)
             Began as a Merfolk Skald on June 14, 2016.
             Was an Elder of Okawaru.
             Slain by a spiny frog (13 damage)
             ... on level 1 of the Lair of Beasts.
             The game lasted 00:25:48 (12531 turns).

Kloppie the Spear-Bearer (Merfolk Skald)           Turns: 12531, Time: 00:25:48

HP:   -5/89 (90)    AC:  8    Str: 12    XL:     11   Next: 19%
MP:   0/14          EV: 14    Int: 16    God:    Okawaru [****..]
Gold: 673           SH:  4    Dex: 16    Spells: 1 memorised, 13 levels left

rFire  . . .     SeeInvis .     a - +4 spear
rCold  + . .     Gourm    .     m - +0 scale mail
rNeg   . . .     Faith    .     y - +1 buckler {rC+}
rPois  .         Spirit   .     (no helmet)
rElec  .         Dismiss  .     u - +0 cloak (curse)
rCorr  .         Reflect  .     (no gloves)
SustAt .         Harm     .     k - +0 pair of boots
MR     .....                    (no amulet)
Stlth  ..........               (no ring)
                                e - +3 ring of intelligence

@: lethally poisoned (-5 -> -43), infused, very slightly contaminated, not
resistant to hostile enchantments, extremely unstealthy
A: change form in water, swift swim
a: Heroism, Renounce Religion


You were on level 1 of the Lair of Beasts.
You worshipped Okawaru.
Okawaru was greatly pleased with you.
You were not hungry.

You visited 3 branches of the dungeon, and saw 11 of its levels.

You collected 673 gold pieces.

Inventory:

Hand Weapons
 a - a +4 spear (weapon)
 f - a +0 halberd
Armour
 k - a +0 pair of boots (worn)
 m - a +0 scale mail (worn)
 u - a cursed +0 cloak (worn)
 y - a +1 buckler of cold resistance (worn)
Jewellery
 e - a +3 ring of intelligence (left hand)
 t - an uncursed ring of fire
Wands
 B - a wand of heal wounds (9/9)
 H - a wand of teleportation (1/9)
Scrolls
 r - 3 scrolls of remove curse
Potions
 g - a potion of cure mutation
 h - 2 potions of flight
 i - a potion of brilliance
 j - a potion of agility
 l - a potion of magic
 n - 2 potions of mutation {unknown}
 o - 3 potions of berserk rage {unknown}
 p - 3 potions of lignification {unknown}
 w - 2 potions of curing {unknown}
 C - a potion of heal wounds
 D - a potion of resistance
Books
 c - a book of Battle

   Spells                             Type                      Level
   a - Infusion                       Charms                       1
   b - Shroud of Golubria             Charms/Translocation         2
   c - Song of Slaying                Charms                       2
   d - Spectral Weapon                Hexes/Charms                 3
   e - Regeneration                   Charms/Necromancy            3
Comestibles
 b - 7 meat rations
 d - 2 bread rations
 q - 3 beef jerkies
 F - 9 slices of pizza


   Skills:
 + Level 9.7 Fighting
 - Level 14.8 Polearms
 - Level 0.6 Armour
 + Level 11.3 Dodging
 - Level 2.0 Spellcasting
 + Level 5.8 Charms


You had 13 spell levels left.
You knew the following spells:

 Your Spells              Type           Power        Failure   Level  Hunger
a - Infusion              Chrm           ###.         21%         1    #......


Dungeon Overview and Level Annotations

Branches:
Dungeon (9/15)             Temple (1/1) D:4            Lair (1/8) D:9
    Orc: D:9-12

Altars:
Ashenzari
Cheibriados
Dithmenos
Elyvilon
Fedhas
Gozag
Kikubaaqudgha
Makhleb
Nemelex Xobeh
Okawaru
Pakellas
Qazlal
Ru
Sif Muna
Trog
Vehumet
Xom
Yredelemnul
Zin
The Shining One

Shops:
D:9 (

Annotations:
D:5 tscho's ghost, novice MfTm
D:9 exclusion: oklob plant


Message History

You feel sick.
You hit the spiny frog.
The spiny frog is heavily wounded.
You feel sick. You block the spiny frog's attack.
You don't have enough magic at the moment.
You hit the spiny frog but do no damage.
The spiny frog is heavily wounded.
You feel sick. The spiny frog stings you!
* * * LOW HITPOINT WARNING * * *
You are more poisoned.
The spiny frog poisons you!
You puncture the spiny frog!
The spiny frog is severely wounded.
* * * LOW HITPOINT WARNING * * *
You feel sick.
Your scale mail prevents you from hitting the spiny frog.
The spiny frog is severely wounded.
* * * LOW HITPOINT WARNING * * *
You feel sick. The spiny frog stings you!
You die...

#########P#. .
###........... .P
###.....@F...... ..
#####.....######....
..###.....###.# #
........### ###
.......#.#
.....##### ##...#
#...# #...#


You could see a spiny frog.

Vanquished Creatures
  A hydra (Lair:1)
  Pikel (D:8)
  Prince Ribbit (D:9)
  A two-headed ogre (D:9)
  2 wyverns
  3 yaks (D:8)
  2 hippogriffs
  2 wargs (D:9)
  3 orc warriors
  A slave (D:8)
  2 ice beasts
  A phantom (D:9)
  2 black bears (D:9)
  A necrophage (D:9)
  3 sky beasts
  6 centaurs
  6 ogres
  A crocodile (D:8)
  7 big kobolds
  A gnoll sergeant (D:5)
  A wyvern zombie (D:9)
  8 giant frogs
  A wyvern skeleton (D:9)
  2 scorpions
  A killer bee (D:9)
  3 wights (D:8)
  2 howler monkeys (D:7)
  A jelly (D:6)
  A crimson imp (D:3)
  A hound (D:8)
  A quasit (D:7)
  2 giant frog zombies
  3 orc priests
  A centaur skeleton (D:8)
  Terence (D:2)
  15 orc wizards
  Ijyb (D:2)
  4 iguanas
  6 worker ants
  A killer bee zombie (D:8)
  A hound zombie (D:7)
  A hound skeleton (D:5)
  A howler monkey zombie (D:6)
  2 worker ant zombies (D:7)
  2 gnolls (D:3)
  2 adders
  An adder zombie (D:5)
  2 adder skeletons
  3 worms
  3 dart slugs
  3 giant geckos
  33 orcs
  4 giant cockroaches
  6 goblins
  9 hobgoblins
  20 jackals
  A quokka (D:3)
  3 ball pythons
  9 bats
  8 giant newts
  A jackal skeleton (D:5)
  49 kobolds
  2 quokka zombies
  5 rats
274 creatures vanquished.

Notes
Turn   | Place    | Note
--------------------------------------------------------------
     0 | D:1      | Kloppie the Merfolk Skald began the quest for the Orb.
     0 | D:1      | Reached XP level 1. HP: 16/16 MP: 3/3
    50 | D:1      | Reached XP level 2. HP: 23/23 MP: 5/5
   617 | D:1      | Reached skill level 4 in Polearms
   652 | D:1      | Reached XP level 3. HP: 28/28 MP: 6/6
  1165 | D:2      | Noticed Ijyb
  1188 | D:2      | Killed Ijyb
  1188 | D:2      | Reached skill level 5 in Polearms
  1188 | D:2      | Reached XP level 4. HP: 16/35 MP: 7/7
  1627 | D:2      | Noticed Terence
  1667 | D:2      | Killed Terence
  1667 | D:2      | Reached XP level 5. HP: 14/41 MP: 8/8
  2169 | D:3      | Found a faded altar to an unknown god.
  2254 | D:3      | Reached skill level 6 in Polearms
  2429 | D:3      | Found a burning altar of Makhleb.
  2762 | D:3      | Noticed a big kobold
  2958 | D:3      | Noticed a big kobold
  2988 | D:3      | Killed a big kobold
  2988 | D:3      | Reached skill level 7 in Polearms
  2988 | D:3      | Reached XP level 6. HP: 33/48 MP: 9/9
  3440 | D:3      | Reached skill level 8 in Polearms
  3698 | D:3      | Reached XP level 7. HP: 43/55 MP: 10/10
  3870 | D:3      | Reached skill level 9 in Polearms
  4777 | D:4      | Found an opulent altar of Gozag.
  4817 | D:5      | Entered Level 5 of the Dungeon
  4848 | D:5      | Noticed tscho's ghost (novice MfTm)
  5075 | D:4      | Found a staircase to the Ecumenical Temple.
  5083 | Temple   | Entered the Ecumenical Temple
  5175 | Temple   | Became a worshipper of Warmaster Okawaru
  5408 | D:4      | Reached skill level 5 in Fighting
  5408 | D:4      | Reached skill level 5 in Dodging
  5776 | D:5      | Reached XP level 8. HP: 40/62 MP: 11/11
  6038 | D:5      | Reached skill level 10 in Polearms
  6586 | D:5      | Reached * piety under Okawaru
  7044 | D:6      | Reached skill level 11 in Polearms
  7175 | D:6      | Found a radiant altar of Vehumet.
  7438 | D:6      | Reached XP level 9. HP: 64/70 MP: 12/12
  7850 | D:6      | Reached skill level 12 in Polearms
  8294 | D:7      | Reached ** piety under Okawaru
  8331 | D:7      | Found a glowing golden altar of the Shining One.
  8491 | D:7      | Reached skill level 13 in Polearms
  9117 | D:8      | Found a basalt altar of Yredelemnul.
  9125 | D:8      | Found a sparkling altar of Nemelex Xobeh.
  9629 | D:8      | Reached XP level 10. HP: 74/79 MP: 13/13
  9651 | D:8      | Reached *** piety under Okawaru
  9651 | D:8      | Reached skill level 14 in Polearms
 10546 | D:8      | Noticed Pikel
 10584 | D:8      | Killed Pikel
 10900 | D:9      | Reached skill level 10 in Dodging
 10907 | D:9      | Noticed an oklob plant
 10942 | D:9      | Noticed Prince Ribbit
 10951 | D:9      | Killed Prince Ribbit
 11141 | D:9      | Reached **** piety under Okawaru
 11251 | D:9      | Received a gift from Okawaru
 11446 | D:9      | Found Toeck's Weapon Emporium.
 11591 | D:9      | Reached skill level 5 in Charms
 11855 | D:9      | Reached XP level 11. HP: 72/88 MP: 14/14
 11899 | D:9      | Found a staircase to the Lair.
 12170 | D:9      | Found a sacrificial altar of Ru.
 12170 | D:9      | Found a shadowy altar of Dithmenos.
 12210 | Lair:1   | Entered Level 1 of the Lair of Beasts
 12499 | Lair:1   | Noticed a four-headed hydra
 12514 | Lair:1   | Killed a four-headed hydra
 12531 | Lair:1   | Slain by a spiny frog

Skill      XL: |  1  2  3  4  5  6  7  8  9 10 11 |
---------------+----------------------------------+-----
Dodging        | 2 3 4 5 7 9 10 11 | 11.3
Polearms       | 4 5 7 8 9 11 13 14 | 14.8
Fighting       | 3 4 5 6 7 9 |  9.7
Charms         | 5 |  5.8
Armour         | |  0.6
Spellcasting   | |  2.0

Action                   |  1- 3 |  4- 6 |  7- 9 | 10-12 || total
-------------------------+-------+-------+-------+-------++-------
Melee: Spear             |   132 |   527 |   433 |   444 ||  1536
       Trident           |       |    10 |   320 |       ||   330
       Tailslap          |       |     3 |       |       ||     3
 Cast: Infusion          |       |       |       |     5 ||     5
Invok: Heroism           |       |       |     5 |     7 ||    12
Evoke: Wand              |       |       |     3 |       ||     3
  Use: Scroll            |       |     7 |     4 |     6 ||    17
       Potion            |       |     1 |     1 |       ||     2
 Stab: Sleeping          |     2 |       |       |       ||     2
       Distracted        |       |       |       |     1 ||     1
  Eat: Chunk             |     1 |     5 |     2 |     4 ||    12
       Bread ration      |       |     1 |     3 |     2 ||     6
       Royal jelly       |       |       |     2 |       ||     2
Armor: Leather armour    |     5 |       |       |       ||     5
       Ring mail         |    22 |    18 |       |       ||    40
       Scale mail        |       |   136 |   206 |    71 ||   413
Dodge: Dodged            |    58 |   210 |   221 |   143 ||   632
Block: Buckler           |       |       |    35 |    59 ||    94
